 Dungeon Crawl Stone Soup version 0.31-a0-675-g238779eb0a (webtiles) character file.

Game seed: 9472163505818121331

450 KittenThatBark the Changeling (level 6, -2/51 HPs)
             Began as a Draconian Shapeshifter on Sept 4, 2023.
             Slain by an acid dragon (5 damage)
             ... on level 6 of the Dungeon on Sept 5, 2023.
             The game lasted 00:16:05 (1428 turns).

KittenThatBark the Changeling (DrSh)                Turns: 1428, Time: 00:16:05

Health: -2/51      AC:  2    Str: 17    XL:     6   Next: 74%
Magic:  6/6        EV: 13    Int: 10    God:
Gold:   183        SH:  0    Dex: 12    Spells: 5/5 levels left

rFire   . . .        g - +2 hand axe (drain)
rCold   . . .        (no shield)
rNeg    . . .        (body armour unavailable)
rPois   .            (helmet currently unavailable)
rElec   .            (cloak currently unavailable)
rCorr   .            (gloves currently unavailable)
SInv    .            (boots currently unavailable)
Will    .....        (no amulet)
Stlth   +            f - ring of flight
HPRegen 0.28/turn    l - +4 ring of protection
MPRegen 0.10/turn

%: no passive effects
@: beast-form, corroded, flying
A: beast (slay +2), AC +6, unfitting armour, cold-blooded
a: Begin Untransformation


You were on level 6 of the Dungeon.
You were a hulking beast.
You visited 1 branch of the dungeon, and saw 6 of its levels.
You also visited: Sewer.

You collected 183 gold pieces.

Inventory:

Hand Weapons
 e - a +0 dagger
 g - a +2 hand axe of draining (weapon)
Missiles
 h - 5 javelins
 i - 10 boomerangs (quivered)
Jewellery
 f - a ring of flight (left hand)
 l - a +4 ring of protection (right hand)
Talismans
 b - a beast talisman (active)
 c - a flux talisman
Wands
 m - a wand of quicksilver (13)
Scrolls
 d - a scroll of teleportation
 j - a scroll of immolation {unknown}
Potions
 a - a potion of lignification
 k - a potion of mutation {unknown}


   Skills:
 + Level 3.1 Fighting
 + Level 2.8 Short Blades
 + Level 1.9 Axes
 + Level 0.1 Throwing
 + Level 3.4 Dodging
 + Level 0.7 Stealth
 + Level 3.6 Unarmed Combat
 + Level 4.0 Shapeshifting


You had 5 spell levels left.
You didn't know any spells.
Your spell library contained the following spells:

 Spells                   Type           Power      Damage    Failure   Level
 Kiss of Death            Conj/Necr      0%         2d5       36%         1
 Confusing Touch          Hex            0%         N/A       75%         3
 Portal Projectile        Hex/Tloc       0%         N/A       75%         3
 Tukima's Dance           Hex            0%         N/A       75%         3
 Dispel Undead            Necr           0%         3d6       98%         4
 Iskenderun's Mystic Bla  Conj/Tloc      0%         2d3       98%         4
 Leda's Liquefaction      Hex/Erth       0%         N/A       98%         4
 Lee's Rapid Deconstruct  Erth           0%         3d4*      100%        5
 Leda's Unmaking          Conj/Erth      0%         9d1       100%        6


Dungeon Overview and Level Annotations

Branches:
Dungeon (6/15)              Sewer (visited)
 Temple: D:4-7

Altars:
Gozag
Kikubaaqudgha
Okawaru


Innate Abilities, Weirdness & Mutations

You are a hulking beast.
Your limbs bulge with bestial killing power. (Slay +2)
Your plain brown scales are hard. (AC +6)
You cannot fit into any form of body armour.
You are cold-blooded and may be slowed by cold attacks.


Message History

You hit the acid dragon but do no damage.
You drain the acid dragon.
The acid dragon is almost dead.
The acid dragon bites you.
* * * LOW HITPOINT WARNING * * *
The acid dragon claws you but does no damage.
You hit the acid dragon but do no damage.
Your tail-slap misses the acid dragon.
The acid dragon is almost dead.
The acid dragon bites you but does no damage.
The acid dragon closely misses you.
You hit the acid dragon but do no damage.
You drain the acid dragon.
The acid dragon is almost dead.
The acid dragon spits acid at you. The splash of acid misses you.
The acid dragon closely misses you. The acid dragon claws you.
* * * LOW HITPOINT WARNING * * *
You hear a shout!
You hit the acid dragon but do no damage.
You tail-slap the acid dragon, but do no damage.
The acid dragon is almost dead.
The acid dragon bites you but does no damage.
The acid dragon misses you.
You hit the acid dragon but do no damage.
The acid dragon is almost dead.
The acid dragon misses you. The acid dragon closely misses you.
A scorpion comes into view.
You hit the acid dragon but do no damage.
The acid dragon is almost dead.
The acid dragon barely misses you. The acid dragon claws you.
* * * LOW HITPOINT WARNING * * *
You barely miss the acid dragon.
Your tail-slap misses the acid dragon.
The acid dragon is almost dead.
The acid dragon closely misses you. The acid dragon barely misses you.
You barely miss the acid dragon.
The acid dragon is almost dead.
The acid dragon barely misses you. The acid dragon closely misses you.
The acid dragon bites you.
You die...

#...#.♣.♣♣♣♣♣.♣.####.##
#.[.#.♣.......♣.# #...
#.....♣.♣...♣.♣.# #...
#.....♣.♣._.♣.♣.. #...
###...♣.♣...♣.♣.. #...
###.♣.......♣... #...
#######.♣.♣♣♣♣♣.♣.#.##.#'
.(................#....<.
.......Dh.........####..#
...........#.............
.........s...... #+####..
...........#.##. ...
..........."... ##.
##?......#.#.##. .
#.......#.#.# .
#.......#.# #


You could see an acid dragon (very drained) and a scorpion.

Vanquished Creatures
  Duvessa (D:4)
  A black bear (D:4)
  An ogre (D:5)
  Dowan (D:4)
  2 iguanas
  2 adders
  2 river rats (D:4)
  3 worms
  A dart slug (D:2)
  An orc (D:5)
  A ball python (D:3)
  6 bats
  2 endoplasms
  4 giant cockroaches
  4 hobgoblins
  A jackal (D:2)
  4 goblins
  A kobold (D:1)
  4 rats
42 creatures vanquished.

Notes
Turn   | Place    | Note
-------+----------+-------------------------------------------
     0 | D:1      | KittenThatBark the Draconian Shapeshifter began the quest
                  | for the Orb.
     0 | D:1      | Reached XP level 1. HP: 16/16 MP: 1/1
   277 | D:2      | Reached XP level 2. HP: 23/23 MP: 2/2
   590 | D:2      | Reached XP level 3. HP: 5/28 MP: 3/3
   759 | D:3      | Found an opulent altar of Gozag.
   981 | D:4      | Noticed a black bear
  1005 | D:4      | Killed a black bear
  1006 | D:4      | Reached skill level 1 in Short Blades
  1006 | D:4      | Reached XP level 4. HP: 37/37 MP: 4/4
  1032 | D:4      | Found a glowing drain.
  1046 | Sewer    | Entered a sewer
  1058 | D:4      | Reached XP level 5. HP: 31/42 MP: 5/5
  1111 | D:4      | Found an iron altar of Okawaru.
  1119 | D:4      | Noticed Dowan
  1120 | D:4      | Noticed Duvessa
  1151 | D:4      | Killed Duvessa
  1152 | D:4      | Reached skill level 1 in Axes
  1154 | D:4      | Killed Dowan
  1155 | D:4      | Reached XP level 6. HP: 21/50 MP: 6/6
  1226 | D:5      | Entered Level 5 of the Dungeon
  1239 | D:5      | Reached skill level 4 in Shapeshifting
  1292 | D:5      | Upgraded the game from 0.31-a0-667-g39726597b9 to
                  | 0.31-a0-675-g238779eb0a
  1331 | D:6      | Found an ancient bone altar of Kikubaaqudgha.
  1407 | D:6      | Noticed an acid dragon
  1423 | D:6      | HP: 2/51 [acid dragon (2)]
  1428 | D:6      | Slain by an acid dragon

Illustrated notes

Levels and vault maps discovered:
D:1:      matt_arrival_los_fun, layout_loops_ring, kennysheep_another_room,
          lexackson_kobold_supper
D:2:      minmay_chambers_of_twos, layout_basic, nicolae_the_louvre
D:3:      layout_basic, good_gods_mini_temple, trog_wizard,
          nicolae_gozag_cash_rules_everything_around_me, serial_shops,
          nicolae_shop_back_alley_shop, serial_rivers,
          chequers_serial_rivers_micro_b, chequers_serial_rivers_marsh,
          chequers_serial_rivers_micro_d, chequers_serial_rivers_micro_e,
          uniq_natasha
D:4:      minmay_thinvault, layout_basic, okawaru_gym_becter,
          cheibrodos_sewer_entry_sluice, uniq_duvessa
D:5:      layout_loops_cross, temple_doors_ab, minmay_quadrilaterals,
          uniq_pikel, uniq_sigmund
D:6:      layout_basic, mainiacjoe_overflow_cross_hatched, uniq_blork_the_orc

Skill      XL: |  1  2  3  4  5  6 |
---------------+-------------------+-----
Dodging        | 2 3 |  3.4
Fighting       | 2 3 |  3.1
Short Blades   | 1 2 |  2.8
Axes           | 1 |  1.9
Shapeshifting  | 4 |  4.0
Throwing       | |  0.1
Stealth        | |  0.7
Unarmed Combat | |  3.6

Action                     |  1- 3 |  4- 6 || total
---------------------------+-------+-------++-------
  Melee: Dagger            |    59 |       ||    59
         Unarmed           |     2 |       ||     2
         Tailslap          |     7 |    13 ||    20
         Punch             |     3 |     1 ||     4
         Hand axe          |    21 |    56 ||    77
  Throw: Boomerang         |       |     7 ||     7
    Use: Scroll            |       |     1 ||     1
         Potion            |       |     1 ||     1
   Stab: Sleeping          |     1 |       ||     1
 Armour: Skin              |    42 |    44 ||    86
  Dodge: Dodged            |    69 |    39 ||   108

Table legend: (Time is in decaauts)
 A = Elapsed time spent in this place.
 B = Non-inter-level travel time spent in this place.
 C = Inter-level travel time spent in this place.
 D = Time resting spent in this place.
 E = Time spent auto-exploring this place.
 F = Levels seen in this place.
 G = Mean time per level.
                   A        B        C        D        E       F      G
               +--------+--------+--------+--------+--------+-----+--------+
         Total |   1451 |   1451 |      0 |      0 |      0 |   7 |  207.3 |
       Dungeon |   1443 |   1443 |      0 |      0 |      0 |   6 |  240.5 |
         Sewer |      7 |      7 |      0 |      0 |      0 |   1 |    7.0 |
               +--------+--------+--------+--------+--------+-----+--------+

Top non-repeatable levels by time:
     D:2: 562 daAuts
     D:4: 294 daAuts
     D:3: 213 daAuts
     D:1: 164 daAuts
     D:6: 120 daAuts
     D:5: 87 daAuts
   Sewer: 7 daAuts
